 Dungeon Crawl Stone Soup version 0.29.1-2-gbd0b4ee654 (webtiles) character file.

Game seed: 2418958931534708663

368 safid the Shooter (level 6, -1/57 HPs)
             Began as a Minotaur Hunter on Oct 24, 2022.
             Killed from afar by Natasha (10 damage)
             ... with a magic dart
             ... on level 3 of the Dungeon.
             The game lasted 00:06:14 (3752 turns).

safid the Shooter (Minotaur Hunter)                 Turns: 3752, Time: 00:06:14

Health: -1/57      AC:  5    Str: 15    XL:     6   Next: 41%
Magic:  5/5        EV: 11    Int:  6    God:
Gold:   215        SH:  0    Dex: 16    Spells: 5/5 levels left

rFire   . . .      SeeInvis .   a - +0 shortbow
rCold   . . .      Faith    .   (shield currently unavailable)
rNeg    . . .      Spirit   .   b - +0 ring mail
rPois   .          Reflect  .   (helmet restricted)
rElec   .          Harm     .   (no cloak)
rCorr   .          Rampage  .   (no gloves)
Will    .....                   (no boots)
Stlth   +.........              (no amulet)
HPRegen 0.19/turn               (no ring)
MPRegen 0.09/turn               (no ring)

@: no status effects
A: horns 2, retaliatory headbutt
a: no special abilities


You were on level 3 of the Dungeon.
You visited 1 branch of the dungeon, and saw 4 of its levels.

You collected 215 gold pieces.

Inventory:

Hand Weapons
 a - a +0 shortbow (weapon)
Missiles
 h - 4 javelins
Armour
 b - a +0 ring mail (worn)
Jewellery
 p - a +6 ring of dexterity
 t - a ring of poison resistance
Wands
 w - a wand of digging (4)
Scrolls
 d - 3 scrolls of blinking {unknown}
 e - 2 scrolls of fear {unknown}
 i - a scroll of magic mapping {unknown}
 j - a scroll of enchant weapon {unknown}
 q - a scroll of teleportation {unknown}
 u - a scroll of brand weapon {unknown}
 v - a scroll of identify {unknown}
Potions
 c - 3 potions of lignification {unknown}
 f - a potion of haste {unknown}
 g - a potion of might {unknown}
 k - a potion of attraction {unknown}
 l - a potion of resistance {unknown}
 m - a potion of mutation {unknown}
 n - a potion of magic {unknown}
 o - a potion of brilliance {unknown}
 r - 2 potions of ambrosia {unknown}
 s - 2 potions of flight {unknown}


   Skills:
 + Level 6.1 Fighting
 + Level 6.8 Ranged Weapons
 - Level 2.1 Dodging
 - Level 0.7 Stealth


You had 5 spell levels left.
You didn't know any spells.
Your spell library contained the following spells:

 Spells                   Type           Power      Damage    Failure   Level
 Shock                    Conj/Air       0%         1d3       69%         1
 Poisonous Vapours        Pois/Air       0%         N/A       83%         2
 Portal Projectile        Hex/Tloc       0%         N/A       96%         3
 Swiftness                Air            0%         N/A       96%         3
 Tukima's Dance           Hex            0%         N/A       96%         3
 Airstrike                Air            0%         2d(0-16)  100%        4
 Corpse Rot               Necr/Pois/Air  0%         N/A       100%        4
 Blade Hands              Tmut           0%         N/A       100%        5
 Irradiate                Conj/Tmut      0%         3d11      100%        5
 Dragon Form              Tmut           0%         N/A       100%        7


Dungeon Overview and Level Annotations

Branches:
Dungeon (4/15)
 Temple: D:4-7

Altars:

Annotations:
D:3 Natasha


Innate Abilities, Weirdness & Mutations

You have a pair of horns on your head.
You reflexively headbutt those who attack you in melee.


Message History

Deactivating autopickup; reactivate with Ctrl-A.
Unknown command.
Unknown command.
The orc attacks as you move away! The orc barely misses you. Natasha claws you.
The crimson imp blinks!
Natasha attacks as you move away! Natasha claws you but does no damage.
Natasha claws you. The orc hits you with a +0 mace.
Natasha howls an incantation.
Natasha's front paws start to glow.
Natasha casts a spell.
The orc attacks as you move away! The orc hits you with a +0 flail.
The orc attacks as you move away! The orc barely misses you.
The orc attacks as you move away! The orc hits you with a +0 mace.
The white imp attacks as you move away! The white imp hits you.
The white imp freezes you. The white imp gestures at you.
The puff of frost hits you!
* * * LOW HITPOINT WARNING * * *
The orc attacks as you move away! The orc hits you with a +0 mace.
* * * LOW HITPOINT WARNING * * *
The orc attacks as you move away! The orc hits you with a +0 mace.
* * * LOW HITPOINT WARNING * * *
The orc attacks as you move away! The orc hits you but does no damage.
The orc attacks as you move away! The orc completely misses you.
You furiously retaliate!
You headbutt the orc!
You kill the orc!
You see here the felid corpse of Natasha.
Natasha attacks as you move away! Natasha barely misses you.
The crimson imp disappears in a puff of smoke!
Natasha stares at you and mumbles some strange words.
You resist with some effort.
A puff of flame appears from out of thin air!
The puff of flame hits you.
* * * LOW HITPOINT WARNING * * *
Things that are here:
a +0 mace; an orc corpse Natasha casts a spell at you.
The magic dart hits you!
You die...

######.......# ##. #...##### #..
#...# #..# #...# #.... #...#
#.#.######## ## #...#######
##....#.....# (.
...........###...........# ..
.....................# ..
.....>.@##..........<#
######..##...........# #...#
#.h#.....#)###### #...
#.)......#.# #...# #........#)# #
###...#### #.{.....##.##
.###..>.....###.##........#
..##.#......##.....#......#######
#.†#.##...............###..))....


You could see Natasha.

Vanquished Creatures
  A jelly (D:4)
  A hound (D:4)
  Natasha (twice) (D:3)
  3 orc wizards (D:3)
  Robin (D:4)
  8 adders
  3 worms
  2 dart slugs (D:4)
  7 orcs
  9 ball pythons
  8 endoplasms
  4 giant cockroaches
  15 goblins
  8 hobgoblins
  5 jackals
  5 quokkas
  6 bats
  6 frilled lizards
  3 kobolds
  8 rats
105 creatures vanquished.

Notes
Turn   | Place    | Note
-------+----------+-------------------------------------------
     0 | D:1      | safid the Minotaur Hunter began the quest for the Orb.
     0 | D:1      | Reached XP level 1. HP: 18/18 MP: 0/0
   200 | D:1      | Reached XP level 2. HP: 25/25 MP: 1/1
   835 | D:1      | Reached skill level 5 in Ranged Weapons
   850 | D:1      | Reached XP level 3. HP: 28/31 MP: 2/2
  1302 | D:2      | Found a faded altar of an unknown god.
  1590 | D:2      | You fall into a shaft and drop 2 floors!
  1619 | D:4      | Reached XP level 4. HP: 40/40 MP: 3/3
  1681 | D:4      | Noticed Robin
  1690 | D:4      | Killed Robin
  2042 | D:4      | Reached XP level 5. HP: 47/47 MP: 4/4
  2464 | D:4      | Reached skill level 5 in Fighting
  2669 | D:4      | Noticed an orc warrior
  2698 | D:4      | HP: 2/48 [orc warrior/silver boomerang (2)]
  3029 | D:3      | Reached XP level 6. HP: 42/56 MP: 5/5
  3623 | D:3      | Noticed Natasha
  3630 | D:3      | Killed Natasha
  3649 | D:3      | Noticed Natasha
  3652 | D:3      | Killed Natasha
  3713 | D:3      | Noticed Natasha
  3752 | D:3      | Killed from afar by Natasha

Illustrated notes

Levels and vault maps discovered:
D:1:      wander_arrival_estate, layout_loops_ring
D:2:      layout_basic, basic_ecumenical_altar
D:3:      layout_loops_cross, uniq_natasha
D:4:      cheibrodos_barr_body, layout_loops_ring, uniq_robin

Skill      XL: |  1  2  3  4  5  6 |
---------------+-------------------+-----
Fighting       | 3 4 5 6 |  6.1
Ranged Weapons | 5 6 |  6.8
Dodging        | |  2.1
Stealth        | |  0.7

Action                   |  1- 3 |  4- 6 || total
-------------------------+-------+-------++-------
 Fire: Shortbow          |   132 |   162 ||   294
Armor: Leather armour    |     9 |       ||     9
       Ring mail         |     7 |    39 ||    46
Dodge: Dodged            |    36 |    66 ||   102
